 Dungeon Crawl Stone Soup version 0.31.0-2-g5a2aebc5c2 (webtiles) character file.

Game seed: 1058681630447231830

1273 ProzacElf the Slasher (level 8, -12/56 HPs)
             Began as a Demonspawn Gladiator on Jan 21, 2024.
             Was an Initiate of Gozag.
             Engulfed by a cloud of freezing vapour (14 damage)
             ... on level 5 of the Dungeon.
             The game lasted 00:09:31 (5598 turns).

ProzacElf the Slasher (Demonspawn Gladiator)        Turns: 5598, Time: 00:09:31

Health: -12/56     AC:  8    Str: 16    XL:     8   Next: 28%
Magic:  8/8        EV: 14    Int: 10    God:    Gozag
Gold:   851        SH:  0    Dex: 14    Spells: 7/7 levels left

rFire   . . .        b - +2 dagger (venom)
rCold   . . .        (no shield)
rNeg    . . .        n - +0 ring mail
rPois   .            c - +0 helmet
rElec   .            y - scarf {+Inv}
rCorr   .            w - +0 pair of gloves
SInv    .            g - +0 pair of boots
Will    +....        (no amulet)
Stlth   +            B - ring of willpower
HPRegen 0.29/turn    C - ring of wizardry
MPRegen 0.11/turn

%: wizardry (x1)
@: no status effects
A: demonic guardian 3, sturdy frame 2, inability to read after injury 1,
MP-powered wands
a: Renounce Religion, Evoke Invisibility, Potion Petition, Call Merchant, Bribe
Branch


You were on level 5 of the Dungeon.
You worshipped Gozag.
Gozag was pleased with you.
You visited 2 branches of the dungeon, and saw 6 of its levels.

You collected 851 gold pieces.

Inventory:

Hand Weapons
 a - a +4 flail
 b - a +2 dagger of venom (weapon)
 k - a +1 dagger of electrocution
 r - a +2 whip of electrocution
 E - a +0 long sword
Missiles
 d - 2 throwing nets
 e - a javelin
 m - 5 atropa-tipped darts (quivered)
 u - 5 poisoned darts
Armour
 c - a +0 helmet (worn)
 g - a +0 pair of boots (worn)
 j - a +0 leather armour
 n - a +0 ring mail (worn)
 w - a +0 pair of gloves (worn)
 y - a scarf of invisibility (worn)
 D - a +0 chain mail
 F - an orb of mayhem
Jewellery
 B - a ring of willpower (left hand)
 C - a ring of wizardry (right hand)
Wands
 t - a wand of charming (29)
Scrolls
 h - a scroll of torment {unknown}
 i - a scroll of fear
 l - 4 scrolls of revelation
 p - a scroll of blinking {unknown}
 A - 2 scrolls of teleportation {unknown}
Potions
 f - a potion of attraction
 o - a potion of curing
 q - a potion of mutation
 s - 2 potions of ambrosia {unknown}
 v - 2 potions of magic
 x - 2 potions of resistance
 z - a potion of lignification
 G - a potion of brilliance


   Skills:
 - Level 2.0 Fighting
 + Level 7.2 Long Blades
 - Level 5.0 Throwing
 - Level 5.0 Dodging


You had 7 spell levels left.
You didn't know any spells.
Your spell library contained the following spells:

 Spells                   Type           Power      Damage    Failure   Level
 Freeze                   Ice            0%         1d3       16%         1
 Frozen Ramparts          Ice            0%         1d1       43%         3
 Hailstorm                Conj/Ice       0%         3d5       43%         3
 Malign Gateway           Summ/Tloc      0%         N/A       100%        7
 Summon Horrible Things   Summ           0%         N/A       100%        8


Dungeon Overview and Level Annotations

Branches:
Dungeon (5/15)             Temple (1/1) D:5

Altars:
Ashenzari
Cheibriados
Fedhas
Gozag
Hepliaklqana
Kikubaaqudgha
Makhleb
Okawaru
Qazlal
Ru
Sif Muna
Trog
Uskayaw
Vehumet
Wu Jian
Xom

Shops:
D:2 :


Innate Abilities, Weirdness & Mutations

A powerful demonic guardian rushes to your aid.
Your movements are less encumbered by armour. (ER -4)
You occasionally lose the ability to read scrolls when taking damage.
You expend magic power (3 MP) to strengthen your wands.


Message History

G - a fumin' pink potion Health restored: 56 Ye see 'ere a +0 trident.
x - 2 potions o' resistance (gain'd 1)
H - 2 scrolls o' identify As ye read tha scroll o' identify, it crumbles ta dust.
G - a potion o' brilliance As ye read tha scroll o' identify, it crumbles ta dust.
v - 2 potions o' magic
A - 2 scrolls labelled ZUMEITREHAZXOMN (gain'd 1)
Found a stone staircase leadin' down.
Thar be a stone staircase leadin' down 'ere.
Partly 'splored, cannae reach some places.
Yer +2 dagger o' venom begins ta drip wit' poison!
b - a +2 dagger o' venom (weapon)
Partly 'splored, cannae reach some places.
Thar be a stone staircase leadin' down 'ere.
Ye op'n tha door.
Thar be an op'n door 'ere.
Ye be 'ngulfed in freezin' vapours.
A demonic guardian appears!
Ye take 15 damage, an' haf 41/56 hp.
MASSIVE DAMAGE!!
Ye be 'ngulfed in freezin' vapours.
Yer sixfirhy be 'ngulfed in freezin' vapours. x6
Ye take 5 damage, an' haf 36/56 hp.
Ye be 'ngulfed in freezin' vapours.
* * * LOW HITPOINT WARNIN'
* * * Yer sixfirhy be 'ngulfed in freezin' vapours. x6
Ye take 21 damage, an' haf 15/56 hp.
MASSIVE DAMAGE!!
Ye be 'ngulfed in freezin' vapours.
* * * LOW HITPOINT WARNIN'
* * * Yer sixfirhy be 'ngulfed in freezin' vapours. x2
Yer sixfirhy dies!
Yer sixfirhy disappears in a puff o' smoke!
Ye take 13 damage, an' haf 2/56 hp.
MASSIVE DAMAGE!!
It was a potion o' mutation.
Ye feel 'stremely strange.
Ye occasion'lly lose tha ability ta read scrolls wh'n takin' damage.
Ye feel yer magical 'ssence link ta tha dungeon's wands.
Ye be 'ngulfed in freezin' vapours.
Ye die...
Yer body crumbles inta a pile o' gold.

..########'## #.#
#...........# ##☼#°## #.#
##..........# ##☼#°## #.#
##..........# ##☼#.## #.#
#..........# ##☼#°## #.#
#########...# ##☼#°## #.#
........#...# ##☼#°##
#.####### ........#[..#
##☼#☼## #.......#
........#.).# ##@#☼##
######.## ........)[.##
##°#☼## #.# ........#)[#
##°#☼## #.# ........#..#
##°#☼## #.# ...........#
##°#☼## #.# ...........#
##°#☼## #.# ...........#
##°#$## #.#
...........#####°#$## #.#
.######..#.....#☼#$#########.#


There were no monsters in sight!

Vanquished Creatures
  A black bear (D:5)
  An ice beast (D:5)
  2 wights (D:5)
  3 hounds
  An orc priest (D:5)
  Jessica (D:3)
  2 iguanas (D:4)
  Ijyb (D:3)
  Natasha (twice) (D:4)
  3 orc wizards
  3 gnolls (D:2)
  10 adders
  A ribbon worm (D:2)
  A dart slug (D:3)
  12 orcs
  7 ball pythons
  8 endoplasms
  6 giant cockroaches
  9 goblins
  2 hobgoblins
  3 jackals (D:1)
  5 quokkas
  5 bats
  5 frilled lizards
  5 kobolds
  3 rats
102 creatures vanquished.

Vanquished Creatures (collateral kills)
  2 ogres (D:5)
  A phantom (D:5)
  A wight (D:5)
  2 jellies
  An orc priest (D:5)
  Natasha (D:4)
  2 adders
  An orc (D:5)
11 creatures vanquished.

Vanquished Creatures (others)
  An orc wizard (D:5)
1 creature vanquished.

Grand Total: 114 creatures vanquished

Notes
Turn   | Place    | Note
-------+----------+-------------------------------------------
     0 | D:1      | ProzacElf the Demonspawn Gladiator began the quest for the
                  | Orb.
     0 | D:1      | Reached XP level 1. HP: 16/16 MP: 1/1
   110 | D:1      | Reached skill level 3 in Long Blades
   114 | D:1      | Gained mutation: A weak demonic guardian rushes to your
                  | aid. [demonic ancestry]
   114 | D:1      | Reached XP level 2. HP: 16/22 MP: 2/2
   392 | D:1      | Found a faded altar of an unknown god.
   447 | D:1      | Prayed at the altar of an unknown god.
   447 | D:1      | Became a worshipper of Gozag Ym Sagoz the Greedy
   910 | D:2      | Gained mutation: A demonic guardian rushes to your aid.
                  | [demonic ancestry]
   910 | D:2      | Reached XP level 3. HP: 15/27 MP: 3/3
  1333 | D:2      | Gained mutation: Your movements are slightly less
                  | encumbered by armour. (ER -2) [demonic ancestry]
  1333 | D:2      | Reached XP level 4. HP: 33/33 MP: 4/4
  1357 | D:2      | Found Dofeomy's Book Emporium.
  1994 | D:3      | Reached skill level 4 in Long Blades
  2150 | D:3      | Reached XP level 5. HP: 38/38 MP: 5/5
  2329 | D:3      | Noticed Jessica
  2344 | D:3      | Killed Jessica
  2878 | D:3      | Noticed Ijyb
  2900 | D:3      | Killed Ijyb
  3141 | D:4      | Found a radiant altar of Vehumet.
  3182 | D:4      | Noticed Natasha
  3189 | D:4      | Killed Natasha
  3190 | D:4      | Gained mutation: Your movements are less encumbered by
                  | armour. (ER -4) [demonic ancestry]
  3190 | D:4      | Reached XP level 6. HP: 39/44 MP: 6/6
  3254 | D:4      | Noticed Natasha
  3263 | D:4      | Killed Natasha
  3412 | D:4      | Reached skill level 5 in Long Blades
  3412 | D:4      | Reached skill level 5 in Dodging
  3720 | D:4      | Noticed Natasha
  3723 | D:4      | Killed Natasha
  3812 | D:4      | Gained mutation: A powerful demonic guardian rushes to your
                  | aid. [demonic ancestry]
  3812 | D:4      | Reached XP level 7. HP: 33/50 MP: 7/7
  3905 | D:4      | Found a hide-covered altar of Uskayaw.
  4087 | D:5      | Entered Level 5 of the Dungeon
  4327 | D:5      | Reached skill level 6 in Long Blades
  4782 | D:5      | Reached XP level 8. HP: 30/56 MP: 8/8
  5171 | D:5      | Found a staircase to the Ecumenical Temple.
  5177 | Temple   | Entered the Ecumenical Temple
  5395 | D:5      | Reached skill level 7 in Long Blades
  5395 | D:5      | Reached skill level 5 in Throwing
  5597 | D:5      | HP: 1/56 [something (14)]
  5598 | D:5      | Gained mutation: You occasionally lose the ability to read
                  | scrolls when taking damage. [potion of mutation]
  5598 | D:5      | Gained mutation: You expend magic power (3 MP) to
                  | strengthen your wands. [potion of mutation]
  5598 | D:5      | Engulfed by a cloud of freezing vapour

Illustrated notes

Levels and vault maps discovered:
D:1:      spicycebolla_green_bress_n_ham_2, layout_basic,
          hellmonk_ecumenical_altar_pennies_from_heaven, serial_park_tiny_1
D:2:      layout_loops_ring, serial_shops, nicolae_shop_trees, kennysheep_boxes
D:3:      layout_basic, uniq_jessica, uniq_ijyb
D:4:      layout_loops_cross, mainiacjoe_overflow_boulevard,
          fiery_altar_vehumet, uniq_natasha
D:5:      lemuel_ice_spiral_2, layout_basic, minmay_temple_entry_fiery,
          hex_large
Temple:   nicolae_temple_bog_church

Skill      XL: |  1  2  3  4  5  6  7  8 |
---------------+-------------------------+-----
Long Blades    | 3 4 5 6 7 |  7.2
Dodging        | 3 4 5 |  5.0
Throwing       | 2 4 5 |  5.0
Fighting       | |  2.0

Action                     |  1- 3 |  4- 6 |  7- 9 || total
---------------------------+-------+-------+-------++-------
  Melee: Long sword        |    63 |       |    20 ||    83
         Whip              |    51 |       |       ||    51
         Dagger            |    11 |   203 |    54 ||   268
         Punch             |       |     4 |     2 ||     6
         Flail             |       |       |    27 ||    27
  Throw: Throwing net      |     1 |       |       ||     1
         Dart              |     2 |     1 |       ||     3
    Use: Potion            |       |     1 |     1 ||     2
         Scroll            |       |     4 |     3 ||     7
   Stab: Sleeping          |     1 |     4 |       ||     5
 Armour: Leather armour    |    38 |       |       ||    38
         Ring mail         |    30 |   108 |    75 ||   213
  Dodge: Dodged            |    75 |   109 |    72 ||   256

Action                     |  1- 3 |  4- 6 |  7- 9 || total
---------------------------+-------+-------+-------++-------
  Melee: Long sword        |    63 |       |    20 ||    83
         Whip              |    51 |       |       ||    51
         Dagger            |    11 |   203 |    54 ||   268
         Punch             |       |     4 |     2 ||     6
         Flail             |       |       |    27 ||    27
  Throw: Throwing net      |     1 |       |       ||     1
         Dart              |     2 |     1 |       ||     3
    Use: Potion            |       |     1 |     1 ||     2
         Scroll            |       |     4 |     3 ||     7
   Stab: Sleeping          |     1 |     4 |       ||     5
 Armour: Leather armour    |    38 |       |       ||    38
         Ring mail         |    30 |   108 |    75 ||   213
  Dodge: Dodged            |    75 |   109 |    72 ||   256

Levels and vault maps discovered:
D:1:      spicycebolla_green_bress_n_ham_2, layout_basic,
          hellmonk_ecumenical_altar_pennies_from_heaven, serial_park_tiny_1
D:2:      layout_loops_ring, serial_shops, nicolae_shop_trees, kennysheep_boxes
D:3:      layout_basic, uniq_jessica, uniq_ijyb
D:4:      layout_loops_cross, mainiacjoe_overflow_boulevard,
          fiery_altar_vehumet, uniq_natasha
D:5:      lemuel_ice_spiral_2, layout_basic, minmay_temple_entry_fiery,
          hex_large
Temple:   nicolae_temple_bog_church
